AoeStats
← ecerva.27

Arabia

510321891Analyzed
3v3 RM · 2d ago on Sep 30, 2026· 37m 5s· 6 players
Game mode
Random Map
Map size
Normal (6 player)
Population
200
Speed
Normal
Resources
Standard
Victory
Conquest
Starting age
Dark Age
Ending age
Imperial Age
RankedLock teamsTeams togetherTeam positionsShared explorationLock speedFull tech treeHidden civsTurbo modeCheats
Victory
Defeat
🇪🇸 Vietnamese · Spain
1255
+16
🇲🇽 Franks · Mexico
1251
+15
🇦🇷 Bulgarians · Argentina
1248
+16
🇮🇳 Huns · India
1335
-20
🇯🇵 Maya · Japan
1239
-15
🇦🇷 Cumans · Argentina
1159
-12
Konradiniert
5:23 Loom
10:59 Feudal Age
12:08 Double-Bit Axe
13:16 Forging
15:11 Scale Barding Armor
25:17 Fletching
25:27 Padded Archer Armor
29:56 Castle Age
27:58 Gold Mining
29:25 Stone Mining
29:49 Bloodlines
31:20 Iron Casting
31:53 Elite Skirmisher
33:30 Husbandry
33:37 Scale Mail Armor
33:58 Chain Barding Armor
34:55 Squires
34:40 Arson
36:32 Bow Saw
Pos3YDoN86
7:31 Loom
9:46 Feudal Age
10:14 Double-Bit Axe
10:10 Horse Collar
11:36 Town Watch
13:19 Fletching
19:14 Wheelbarrow
20:23 Padded Archer Armor
23:42 Castle Age
24:06 Gold Mining
24:41 Hand Cart
24:40 Bow Saw
24:32 Heavy Plow
24:26 Stone Mining
24:05 Crossbowman
24:47 Bodkin Arrow
25:40 Thumb Ring
28:13 Leather Archer Armor
29:52 Ballistics
35:09 Imperial Age
35:51 Bracer
35:12 Arbalester
36:55 Chemistry
37:26 Two-Man Saw
36:41 Capped Ram
ecerva.27
7:03 Loom
9:14 Feudal Age
10:49 Double-Bit Axe
14:43 Forging
18:35 Wheelbarrow
18:17 Scale Barding Armor
22:34 Castle Age
22:49 Light Cavalry
23:30 Husbandry
27:32 Chain Barding Armor
32:44 Iron Casting
36:16 Hand Cart
38:47 Imperial Age
36:38 Gold Mining
VedtheAssasin
6:10 Loom
9:14 Feudal Age
9:44 Double-Bit Axe
12:16 Horse Collar
18:48 Castle Age
17:06 Gold Mining
17:20 Fletching
17:51 Bloodlines
20:27 Fletching
22:37 Bow Saw
23:15 Padded Archer Armor
24:05 Bodkin Arrow
27:06 Ballistics
30:52 Thumb Ring
33:02 Wheelbarrow
33:38 Leather Archer Armor
38:31 Imperial Age
KJI
0:31 Loom
9:50 Feudal Age
10:43 Double-Bit Axe
15:31 Fletching
18:00 Padded Archer Armor
19:05 Horse Collar
25:51 Castle Age
31:55 Scale Mail Armor
32:38 Stone Mining
33:49 Gold Mining
34:05 Stone Mining
Bismillahh
7:27 Loom
10:47 Feudal Age
11:39 Double-Bit Axe
17:49 Fletching
25:02 Castle Age
23:30 Stone Mining
26:38 Wheelbarrow
29:29 Town Watch
Connection lost

Rejoining the realm…

Still unreachable

The connection could not be restored.

Session expired

The server has moved on; the page needs a fresh start.